 Dungeon Crawl Stone Soup version 0.30-a0-802-gb92711bcdf (webtiles) character file.

Game seed: 8759961367594320873

105 jimonade the Grasshopper (level 4, 0/45 HPs)
             Began as an Ogre Warper on Feb 25, 2023.
             Killed from afar by Natasha (7 damage)
             ... with a magic dart
             ... on level 2 of the Dungeon.
             The game lasted 00:02:58 (1829 turns).

jimonade the Grasshopper (Ogre Warper)              Turns: 1829, Time: 00:02:59

Health: 0/45       AC:  3    Str: 15    XL:     4   Next: 81%
Magic:  7/7        EV: 10    Int: 14    God:
Gold:   120        SH:  0    Dex: 10    Spells: 1/8 levels left

rFire   . . .      SeeInvis .    a - +0 mace
rCold   . . .      Faith    .    (no shield)
rNeg    . . .      Spirit   .    b - +0 robe
rPois   .          Reflect  .    (helmet restricted)
rElec   .          Harm     .    (no cloak)
rCorr   .          Rampage  .    (gloves unavailable)
Will    .....                    (boots unavailable)
Stlth   +                        (no amulet)
HPRegen 0.27/turn                q - ring of wizardry
MPRegen 0.10/turn                (no ring)

@: no status effects
A: large, unfitting armour, tough skin 1
a: no special abilities


You were on level 2 of the Dungeon.
You visited 1 branch of the dungeon, and saw 2 of its levels.

You collected 120 gold pieces.

Inventory:

Hand Weapons
 a - a +0 mace (weapon)
Missiles
 d - 7 boomerangs of dispersal (quivered)
 k - 3 poisoned darts
 p - 16 stones
Armour
 b - a +0 robe (worn)
Jewellery
 n - a ring of ice
 q - a ring of wizardry (left hand)
Scrolls
 c - 2 scrolls of blinking
 e - a scroll of immolation {unknown}
 f - a scroll of poison {unknown}
 g - a scroll of acquirement {unknown}
 i - 3 scrolls of identify {unknown}
 l - 2 scrolls of fear {unknown}
 m - 2 scrolls of enchant weapon {unknown}
 o - a scroll of fog {unknown}
Potions
 h - a potion of flight {unknown}
 j - a potion of degeneration {unknown}
 r - a potion of curing {unknown}
 s - a potion of magic {unknown}


   Skills:
 + Level 3.3 Fighting
 + Level 3.0 Maces & Flails
 + Level 1.0 Throwing
 + Level 2.5 Dodging
 + Level 0.3 Stealth
 + Level 2.5 Spellcasting
 * Level 3.4 Translocations


You had one spell level left.
You knew the following spells:

 Your Spells              Type           Power      Damage    Failure   Level
a - Blink                 Tloc           22%        N/A       3%          2
b - Lesser Beckoning      Tloc           22%        N/A       3%          2
c - Teleport Other        Tloc           11%        N/A       6%          3

Your spell library contained the following spells:

 Spells                   Type           Power      Damage    Failure   Level
 Summon Small Mammal      Summ           4%         N/A       9%          1
 Vhi's Electric Charge    Tloc/Air       12%        N/A       13%         3
 Manifold Assault         Tloc           11%        N/A       21%         4
 Call Canine Familiar     Summ           1%         N/A       26%         3
 Summon Guardian Golem    Hex/Summ       1%         N/A       26%         3


Dungeon Overview and Level Annotations

Branches:
Dungeon (2/15)

Altars:
Nemelex Xobeh

Shops:
D:2 *

Annotations:
D:2 Natasha


Innate Abilities, Weirdness & Mutations

You are too large for most types of armour.
You have tough skin. (AC +1)


Message History

You closely miss Natasha. Natasha misses you.
The crimson imp blinks!
Natasha claws you but does no damage.
You barely miss Natasha. Natasha claws you.
You closely miss Natasha. Natasha claws you but does no damage.
You completely miss Natasha.
Natasha mumbles some strange words.
You closely miss Natasha. Natasha casts a spell at you.
The magic dart hits you. The white imp barely misses you.
Natasha wildly gestures.
Natasha shimmers violently.
Natasha closely misses you.
You hit Natasha.
Natasha is lightly wounded.
The white imp barely misses you. Natasha barely misses you.
You hit Natasha.
Natasha is heavily wounded.
The iron imp disappears in a puff of smoke!
The crimson imp blinks!
The white imp gestures at you. The puff of frost hits you.
* * * LOW HITPOINT WARNING * * *
Natasha claws you.
* * * LOW HITPOINT WARNING * * *
You closely miss Natasha.
Natasha is heavily wounded.
The white imp hits you but does no damage.
Natasha claws you but does no damage.
The crimson imp blinks!
The white imp barely misses you.
You hit Natasha.
Natasha is severely wounded.
Natasha misses you.
The white imp hits you but does no damage.
Natasha barely misses you.
You closely miss Natasha.
Natasha is severely wounded.
The white imp closely misses you.
Natasha stares at you and mumbles some strange words.
The magic dart hits you!
You die...

#.#.# #.##.##>....#
#####.#.######.##.##.....#
.........)........##.....#
#####.#........#####.....#
#.########## ##...## #.#
##.## #.# #.
#.################.#
#..........5@h5....#
####################


You could see Natasha, a crimson imp (summoned) and a white imp (summoned).

Vanquished Creatures
  Jessica (D:2)
  3 adders (D:2)
  A worm (D:2)
  A dart slug (D:1)
  6 ball pythons
  3 endoplasms (D:1)
  7 goblins
  5 hobgoblins
  3 jackals (D:2)
  5 kobolds
  3 quokkas
  A bat (D:1)
  A frilled lizard (D:2)
  3 rats
43 creatures vanquished.

Notes
Turn   | Place    | Note
-------+----------+-------------------------------------------
     0 | D:1      | jimonade the Ogre Warper began the quest for the Orb.
     0 | D:1      | Reached XP level 1. HP: 22/22 MP: 3/3
   151 | D:1      | Reached XP level 2. HP: 25/29 MP: 5/5
   776 | D:1      | Reached XP level 3. HP: 36/37 MP: 6/6
  1256 | D:2      | Reached XP level 4. HP: 28/45 MP: 7/7
  1533 | D:2      | Found a sparkling altar of Nemelex Xobeh.
  1629 | D:2      | Noticed Jessica
  1649 | D:2      | Learned a level 2 spell: Blink
  1652 | D:2      | Learned a level 2 spell: Lesser Beckoning
  1656 | D:2      | Learned a level 3 spell: Teleport Other
  1662 | D:2      | Found Zole's Assorted Antiques.
  1698 | D:2      | Killed Jessica
  1811 | D:2      | Noticed Natasha
  1829 | D:2      | Killed from afar by Natasha

Illustrated notes

Levels and vault maps discovered:
D:1:      wander_arrival_peaceful_grave, layout_loops_ring,
          minmay_misc_feat_secret_circle
D:2:      layout_loops_ring, basic_altar, serial_shops, nicolae_shop_crystal,
          uniq_jessica, uniq_natasha

Skill      XL: |  1  2  3  4 |
---------------+-------------+-----
Maces & Flails | 2 3 |  3.0
Translocations | 3 |  3.4
Fighting       | 3 |  3.3
Throwing       | |  1.0
Dodging        | |  2.5
Stealth        | |  0.3
Spellcasting   | |  2.5

Action                     |  1- 3 |  4- 6 || total
---------------------------+-------+-------++-------
  Melee: Mace              |   111 |    63 ||   174
         Punch             |     1 |       ||     1
   Stab: Sleeping          |     2 |       ||     2
         Distracted        |     1 |       ||     1
 Armour: Robe              |    16 |    23 ||    39
  Dodge: Dodged            |    57 |    37 ||    94

Table legend: (Time is in decaauts)
 A = Elapsed time spent in this place.
 B = Non-inter-level travel time spent in this place.
 C = Inter-level travel time spent in this place.
 D = Time resting spent in this place.
 E = Time spent auto-exploring this place.
 F = Levels seen in this place.
 G = Mean time per level.
                   A        B        C        D        E       F      G
               +--------+--------+--------+--------+--------+-----+--------+
         Total |   1876 |   1852 |     24 |      0 |   1449 |   2 |  938.0 |
       Dungeon |   1876 |   1852 |     24 |      0 |   1449 |   2 |  938.0 |
               +--------+--------+--------+--------+--------+-----+--------+

Top non-repeatable levels by time:
     D:2: 1034 daAuts
     D:1: 841 daAuts
